 Dungeon Crawl Stone Soup version 0.31-a0-202-g547052bce9 (webtiles) character file.

Game seed: 6993303902427615862

149 qw the Skirmisher (level 5, -8/29 HPs)
             Began as a Deep Elf Hunter on June 26, 2023.
             Mangled by a sleepcap (18 damage)
             ... on level 3 of the Dungeon.
             The game lasted 00:00:56 (1705 turns).

qw the Skirmisher (Deep Elf Hunter)                 Turns: 1705, Time: 00:00:57

Health: -8/29      AC:  5    Str: 10    XL:     5   Next: 9%
Magic:  7/7        EV:  2    Int: 14    God:
Gold:   128        SH:  0    Dex: 30    Spells: 4/4 levels left

rFire   . . .        Y - +0 shortbow
rCold   . . .        (shield currently unavailable)
rNeg    . . .        f - +0 ring mail
rPois   .            (no helmet)
rElec   .            (no cloak)
rCorr   .            (no gloves)
SInv    .            (no boots)
Will    .....        (no amulet)
Stlth   ++           g - +6 ring of dexterity
HPRegen 0.24/turn    c - +6 ring of dexterity
MPRegen 0.10/turn

%: no passive effects
@: sleeping
A: no striking features
a: no special abilities


You were on level 3 of the Dungeon.
You visited 1 branch of the dungeon, and saw 3 of its levels.

You collected 128 gold pieces.


   Skills:
 - Level 1.5 Fighting
 + Level 8.3 Ranged Weapons
 - Level 3.0 Dodging
 - Level 1.2 Stealth


You had 4 spell levels left.
You didn't know any spells.
Your spell library was empty.

Inventory:

Hand Weapons
 Y - a +0 shortbow (weapon)
Armour
 f - a +0 ring mail (worn)
Jewellery
 c - a +6 ring of dexterity (right hand)
 g - a +6 ring of dexterity (left hand)
Scrolls
 a - a scroll of identify
Potions
 b - a potion of cancellation {unknown}
 d - a potion of curing {unknown}
 e - a potion of mutation {unknown}
 h - a potion of lignification {unknown}
 i - a potion of attraction {unknown}

Dungeon Overview and Level Annotations

Branches:
Dungeon (3/15)

Altars:

Shops:
D:1 ?


Message History

The ball python misses you. The ball python barely misses you.
You shoot an arrow. The arrow hits the ball python.
You kill the ball python!
You shoot an arrow. The arrow closely misses the hound.
The hound misses you.
You shoot an arrow. The arrow hits the hound.
The hound is lightly wounded.
The hound barely misses you. x2
You shoot an arrow. The arrow completely misses the hound.
The hound closely misses you. The hound barely misses you.
You shoot an arrow.
The arrow hits the hound but does no damage.
The hound is lightly wounded.
The hound bites you.
The hound stops to sniff the ground.
The hound misses you.
You shoot an arrow. The arrow barely misses the hound.
The hound bites you.
You shoot an arrow. The arrow hits the hound.
The hound is moderately wounded.
The hound bites you. The hound barely misses you.
You shoot an arrow.
The arrow hits the hound but does no damage.
The hound is moderately wounded.
The hound bites you. The hound closely misses you.
You shoot an arrow. The arrow hits the hound.
The hound is heavily wounded.
The hound bites you. The hound barely misses you.
You shoot an arrow. The arrow misses the hound.
The hound bites you but does no damage. The hound bites you.
You shoot an arrow. The arrow hits the hound!
You kill the hound!
The sleepcap releases spores at you.
You are engulfed in a cloud of soporific spores!
You fall asleep.
Your Ranged Weapons skill increases to level 8!
You have reached level 5!
The sleepcap releases spores at you!!
Ouch! That really hurt!
You die...

##..)##%# #'##...........#
#.)###..#..
#%.###.........#
#.##%#..#..
#%.#.##........#
######.'%.#..#..
#..#..'........#
.......##.#..#%.
#..#.##........#
######..###..#..
#.[###........# ##...####.J
####...#.....##
#####....##f##......#######
#.....##....@.....###
#.########.>##..###
#.....## ##%.### ###...#
#...#.# ##.###.# ##..## ..
##....# .#


You could see a sleepcap and an endoplasm.

Vanquished Creatures
  A hound (D:3)
  2 adders
  2 worms
  2 dart slugs (D:1)
  4 orcs (D:3)
  6 ball pythons
  4 bats
  5 endoplasms
  7 giant cockroaches
  9 goblins
  8 hobgoblins
  5 jackals
  8 quokkas
  4 frilled lizards
  4 kobolds
  6 rats
77 creatures vanquished.

Notes
Turn   | Place    | Note
-------+----------+-------------------------------------------
     0 | D:1      | qw the Deep Elf Hunter began the quest for the Orb.
     0 | D:1      | Reached XP level 1. HP: 12/12 MP: 3/3
     0 | D:1      | 0 ||| qw: Version: 0.3-a-22-g0ed2b0b
     0 | D:1      | 0 ||| qw: Game counter: 5843
     0 | D:1      | 0 ||| qw: Melee chars always use a shield: true
     0 | D:1      | 0 ||| qw: God list: Okawaru
     0 | D:1      | 0 ||| qw: Allow faded altars: false
     0 | D:1      | 0 ||| qw: Do Orc after clearing Dungeon:15 true
     0 | D:1      | 0 ||| qw: Do second Lair branch before Depths: true
     0 | D:1      | 0 ||| qw: Lair rune preference: random
     0 | D:1      | 0 ||| qw: Goals: Normal
     0 | D:1      | 0 ||| PLANNING D:1-11
   137 | D:1      | Found The Oracle's Delphic Readings.
   141 | D:1      | 141 ||| SHOPLISTING scroll of enchant weapon (75 gold, have
                  | 0).
   141 | D:1      | 141 ||| SHOPLISTING scroll of identify (20 gold, have 0).
   157 | D:1      | Reached XP level 2. HP: 16/16 MP: 4/4
   179 | D:1      | Reached skill level 6 in Ranged Weapons
   191 | D:1      | Found a faded altar of an unknown god.
   550 | D:1      | Reached XP level 3. HP: 20/20 MP: 5/5
   639 | D:1      | 639 ||| UPGRADING to +0 ring mail.
   649 | D:1      | 649 ||| DROPPING +0 leather armour.
   650 | D:1      | 650 ||| UPGRADING to +6 ring of dexterity.
   651 | D:1      | 651 ||| READING 2 scrolls labelled UCAOJ SEATZ.
   652 | D:1      | 652 ||| DRINKING 2 fizzy golden potions.
   661 | D:1      | 661 ||| DROPPING scroll of butterflies.
   662 | D:1      | 662 ||| DROPPING potion of ambrosia.
   713 | D:2      | 713 ||| FLEEEEING.
   714 | D:2      | 714 ||| FLEEEEING.
   715 | D:2      | 715 ||| STAIRDANCE
   898 | D:2      | Reached skill level 7 in Ranged Weapons
  1015 | D:2      | 1015 ||| FLEEEEING.
  1195 | D:2      | 1195 ||| FLEEEEING.
  1280 | D:2      | Reached XP level 4. HP: 24/25 MP: 6/6
  1496 | D:2      | 1496 ||| UPGRADING to +6 ring of dexterity.
  1625 | D:3      | Reached skill level 3 in Dodging
  1705 | D:3      | Reached skill level 8 in Ranged Weapons
  1705 | D:3      | Reached XP level 5. HP: 10/29 MP: 7/7
  1705 | D:3      | Mangled by a sleepcap

Levels and vault maps discovered:
D:1:      nicolae_arrival_memento_mori, layout_loops_ring,
          shapermc_ecumenical_altar_starsandcircs, nicolae_nh_oracle_at_delphi
D:2:      layout_loops_cross, kennysheep_generic_room_8
D:3:      layout_rooms, slow_altar_1, chequers_hall_statues_y,
          minmay_divided_ellipse

Skill      XL: |  1  2  3  4 |
---------------+-------------+-----
Ranged Weapons | 6 7 8 |  8.3
Dodging        | 3 |  3.0
Fighting       | |  1.5
Stealth        | |  1.2

Action                     |  1- 3 |  4- 6 || total
---------------------------+-------+-------++-------
   Fire: Shortbow          |   155 |    61 ||   216
    Use: Scroll            |     1 |       ||     1
         Potion            |     1 |       ||     1
 Armour: Leather armour    |     4 |       ||     4
         Ring mail         |    24 |     4 ||    28
  Dodge: Dodged            |    41 |    17 ||    58

Table legend:
 A = Non-vault XP
 B = Vault XP
 C = Vault XP percentage of total XP
 D = Non-vault monster count
 E = Vault monster count
 F = Vault count percentage of total count
                 A         B        C        D         E       F
            +---------+---------+-------+---------+---------+-------
      Total |     128 |      86 |  40.2 |      61 |      16 |  20.8
            +---------+---------+-------+---------+---------+-------
        D:1 |      35 |       6 |  14.6 |      20 |       2 |   9.1
        D:2 |      70 |       4 |   5.4 |      31 |       2 |   6.1
        D:3 |      23 |      76 |  76.8 |      10 |      12 |  54.5
            +---------+---------+-------+---------+---------+-------
